 Dungeon Crawl Stone Soup version 0.18-a0-1782-gb76a692 (webtiles) character file.

37 M4edhros the Insei (level 3, -6/23 HPs)
             Began as a Tengu Monk on Apr 17, 2016.
             Killed by divine providence
             ... invoked by an orc priest
              (14 damage)
             ... on level 3 of the Dungeon.
             The game lasted 00:01:04 (1151 turns).

M4edhros the Insei (Tengu Monk)                     Turns: 1151, Time: 00:01:05

Health: -6/23      AC:  2    Str: 11    XL:     3   Next: 39%
Magic:  4/4        EV: 14    Int: 10    God:
Gold:   105        SH:  0    Dex: 17    Spells: 0 memorised, 2 levels left

rFire  . . .     SeeInvis .     u - +1 rapier (speed)
rCold  . . .     Gourm    .     a - +0 robe
rNeg   . . .     Faith    .     (no shield)
rPois  .         Spirit   .     (helmet restricted)
rElec  .         Dismiss  .     (no cloak)
rCorr  .         Reflect  .     (no gloves)
SustAt .         Harm     .     (boots unavailable)
MR     .....                    (no amulet)
Stlth  ++........               (no ring)
                                i - ring of flight

@: not resistant to hostile enchantments, unstealthy
A: beak, talons 3
a: Evoke Flight


You were on level 3 of the Dungeon.
You were hungry.

You visited 1 branch of the dungeon, and saw 3 of its levels.

You collected 105 gold pieces.

Inventory:

Hand Weapons
 u - a +1 rapier of speed (weapon)
Armour
 a - a +0 robe (worn)
Jewellery
 i - a ring of flight (left hand)
 v - an uncursed ring of wizardry {unknown}
Scrolls
 c - a scroll of noise {unknown}
 e - a scroll of identify {unknown}
 f - a scroll of enchant armour {unknown}
 j - 2 scrolls of recharging {unknown}
 n - 2 scrolls of fear {unknown}
 r - 3 scrolls of teleportation {unknown}
 s - a scroll of magic mapping {unknown}
Potions
 d - a potion of berserk rage {unknown}
 g - a potion of might {unknown}
 h - a potion of flight {unknown}
 k - 3 potions of heal wounds {unknown}
 m - 2 potions of lignification {unknown}
 o - 2 potions of curing {unknown}
 t - a potion of magic {unknown}
Comestibles
 b - 4 bread rations
 l - 6 fruits
 p - a meat ration
 q - 2 beef jerkies


   Skills:
 - Level 3.0 Fighting
 - Level 3.2 Dodging
 - Level 2.0 Stealth
 + Level 5.6 Unarmed Combat


You had 2 spell levels left.
You didn't know any spells.

Dungeon Overview and Level Annotations

Branches:
Dungeon (3/15)

Altars:
Gozag


Innate Abilities, Weirdness & Mutations

You have a beak for a mouth.
You have claws for feet.


Message History

An orc comes into view. It is wielding a club.
The orc hits you with a flail.
You barely miss the orc.
The orc shouts!
You claw the orc.
The orc is moderately wounded.
The orc closely misses you.
You hit the orc. Your kick misses the orc. Your peck misses the orc.
The orc is severely wounded.
You hit the orc.
You kill the orc!
You hit the orc. You claw the orc. You punch the orc, but do no damage.
The orc is almost dead.
You completely miss the orc. Your kick misses the orc.
The orc is almost dead.
The orc hits you with a flail!
The orc priest mumbles some strange prayers to Beogh against you.
Beogh smites you!
Ouch! That really hurt!
You die...

##### ####...#
####......##########
............@oooo...
########......#########.
...............#
#...#####...#.# #...#
#...#...
###...#####...#..#.#
.......†#........# ..
).....#.#........# .
..............###..


You could see an orc priest and 3 orcs.

Vanquished Creatures
  An ooze (D:1)
  A giant gecko (D:2)
  An orc (D:3)
  3 goblins (D:1)
  6 hobgoblins
  3 jackals (D:1)
  A quokka (D:3)
  2 bats (D:1)
  2 giant newts (D:2)
  4 kobolds
  5 rats
29 creatures vanquished.

Notes
Turn   | Place    | Note
--------------------------------------------------------------
     0 | D:1      | M4edhros the Tengu Monk began the quest for the Orb.
     0 | D:1      | Reached XP level 1. HP: 14/14 MP: 2/2
   184 | D:1      | Reached skill level 5 in Unarmed Combat
   184 | D:1      | Reached XP level 2. HP: 16/19 MP: 3/3
   605 | D:2      | Reached XP level 3. HP: 23/23 MP: 4/4
   675 | D:2      | Found an opulent altar of Gozag.
  1151 | D:3      | Killed from afar by an orc priest

Vault maps used:
D:1:      dpeg_arrival_prison
D:2:      lemuel_doored_altar, first_bread
D:3:      ecumenical_altar_2, minmay_misc_feat_tower, grunt_decor_resistance,
          evilmike_ruin_ashenzari

Skill      XL: |  1 |
---------------+----+-----
Unarmed Combat | 5 |  5.6
Fighting       | |  3.0
Dodging        | |  3.2
Stealth        | |  2.0

Action                   || total
-------------------------++-------
Melee: Unarmed           ||    61
       Peck              ||     9
       Kick              ||    16
       Rapier            ||    11
       Punch             ||     1
 Stab: Sleeping          ||     4
       Distracted        ||     1
Armor: Robe              ||     6
Dodge: Dodged            ||    40
